 Dungeon Crawl Stone Soup version 0.25.0-15-gac7dcb8919 (webtiles) character file.

Game seed: 17328878934761236616

1082 Froggeryz the Cruncher (level 8, -3/68 HPs)
             Began as a Minotaur Gladiator on June 28, 2020.
             Was a Believer of Okawaru.
             Slain by an ogre
             ... wielding a +0 giant spiked club
              (15 damage)
             ... while paralysed by Grinder
             ... on level 5 of the Dungeon.
             The game lasted 00:04:47 (5633 turns).

Froggeryz the Cruncher (Minotaur Gladiator)         Turns: 5633, Time: 00:04:48

Health: -3/68      AC:  8    Str: 20    XL:     8   Next: 8%
Magic:  7/7        EV:  2    Int:  5    God:    Okawaru [**....]
Gold:   278        SH:  0    Dex: 13    Spells: 7/7 levels left

rFire    . . .     SeeInvis .   a - +0 quarterstaff
rCold    . . .     Gourm    .   (shield currently unavailable)
rNeg     . . .     Faith    .   s - +0 scale mail
rPois    .         Spirit   .   c - +0 hat
rElec    .         Reflect  +   (no cloak)
rCorr    .         Harm     .   (no gloves)
MR       .....                  h - +0 pair of boots
Stlth    ..........             g - amulet of reflection
HPRegen  0.21/turn              (no ring)
MPRegen  0.10/turn              (no ring)

@: paralysed, lightly drained
A: retaliatory headbutt, horns 2
a: Heroism, Renounce Religion


You were on level 5 of the Dungeon.
You worshipped Okawaru.
Okawaru was pleased with you.
You were not hungry.

You visited 2 branches of the dungeon, and saw 7 of its levels.

You collected 278 gold pieces.

Inventory:

Hand Weapons
 a - a +0 quarterstaff (weapon)
Missiles
 d - 3 throwing nets
 q - 13 poisoned darts (quivered)
Armour
 c - a +0 hat (worn)
 h - a +0 pair of boots (worn)
 s - a +0 scale mail (worn)
Jewellery
 g - an amulet of reflection (around neck)
Wands
 l - a wand of iceblast (10)
Scrolls
 b - a scroll of blinking {unknown}
 e - 5 scrolls of identify {unknown}
 i - 3 scrolls of fog {unknown}
 j - 7 scrolls of teleportation {unknown}
 n - 2 scrolls of noise {unknown}
 o - a scroll of random uselessness {unknown}
 p - 4 scrolls of remove curse {unknown}
 r - 3 scrolls of enchant armour {unknown}
 u - a scroll of enchant weapon {unknown}
Potions
 k - a potion of might {unknown}
 m - 3 potions of heal wounds
 v - a potion of stabbing {unknown}
Comestibles
 f - 17 rations
 t - 4 chunks of flesh


   Skills:
 - Level 5.1(5.0) Fighting
 * Level 10.0(9.8) Staves
 - Level 2.0(1.8) Throwing
 - Level 4.0(3.8) Armour
 + Level 3.6(3.5) Dodging


You had 7 spell levels left.
You didn't know any spells.
Your spell library was empty.

Dungeon Overview and Level Annotations

Branches:
Dungeon (6/15)             Temple (1/1) D:4

Altars:
Cheibriados
Dithmenos
Elyvilon
Fedhas
Gozag
Hepliaklqana
Kikubaaqudgha
Makhleb
Nemelex Xobeh
Okawaru
Qazlal
Sif Muna
Trog
Vehumet
Yredelemnul
Zin

Annotations:
D:4 Blork the orc
D:5 Grinder


Innate Abilities, Weirdness & Mutations

You reflexively headbutt those who attack you in melee.
You have a pair of horns on your head.


Message History

Grinder gestures at you.
You struggle to resist.
The howler monkey skeleton hits you.
You climb upwards.
There is a stone staircase leading down here.
Unknown command.
The ogre barely misses you. Grinder hits you but does no damage.
Things that are here:
a +0 flail; an orc skeleton Grinder gestures at you.
You suddenly lose the ability to move!
The ogre hits you with a +0 giant spiked club.
Grinder blinks!
The wight hits you with a cursed +0 dire flail.
The ogre hits you with a +0 giant spiked club!
* * * LOW HITPOINT WARNING * * *
Grinder says, "Just stop there for a second..."
Grinder hits you but does no damage. The wight hits you but does no damage.
The ogre hits you with a +0 giant spiked club!
You die...

.#.....# #.##.###+##.##....)
.......# ##..#.##............
.......# #...................
##############.#.#.#....)........
#...##.#.#.#.............
#...##.#...#.............
#########...##.##..#............<
................5O...............
#########...#...@z>##.......#####
####...#########.......# #
#......# #.......# # #.[....#
######### # #......# # #......#
♣♣♣ # #......####♣♣ ♣♣♣.♣♣♣ ♣♣
#...........♣♣ ♣♣.....♣♣ ♣♣.
#............♣♣♣.......♣♣♣..


You could see Grinder, an ogre and a wight.

Vanquished Creatures
  An ice beast (D:5)
  A sky beast (D:5)
  An ogre (D:5)
  A centaur (D:5)
  A wyvern skeleton (D:3)
  A wight (D:5)
  A howler monkey (D:6)
  A crimson imp (D:5)
  A hound (D:6)
  3 orc priests
  Jessica (D:2)
  4 orc wizards
  4 worker ants
  A howler monkey zombie (D:5)
  8 adders
  2 shadow imps (D:5)
  An adder skeleton (D:4)
  4 worms
  2 dart slugs
  3 leopard geckos
  5 orcs
  2 ball pythons (D:3)
  8 bats
  5 giant cockroaches
  5 goblins
  10 hobgoblins
  3 jackals (D:3)
  9 kobolds
  2 quokkas
  4 frilled lizards
  A quokka skeleton (D:4)
  6 rats
102 creatures vanquished.

Vanquished Creatures (others)
  A hound (D:5)
1 creature vanquished.

Grand Total: 103 creatures vanquished

Notes
Turn   | Place    | Note
-------+----------+-------------------------------------------
     0 | D:1      | Froggeryz the Minotaur Gladiator began the quest for the
                  | Orb.
     0 | D:1      | Reached XP level 1. HP: 18/18 MP: 0/0
     2 | D:1      | Noticed an octopode
     2 | D:1      | Noticed a ghoul
     4 | D:1      | Noticed a minotaur
     4 | D:1      | Noticed a gargoyle
     6 | D:1      | Noticed a dwarf
     8 | D:1      | Noticed a felid
     8 | D:1      | Noticed a merfolk
    10 | D:1      | Noticed a vine stalker
    12 | D:1      | Noticed an ogre
    12 | D:1      | Noticed a naga
    14 | D:1      | Noticed a vampire
    14 | D:1      | Noticed a halfling
    16 | D:1      | Noticed a tengu
    18 | D:1      | Noticed a centaur
    18 | D:1      | Noticed a demonspawn
    20 | D:1      | Noticed a draconian
    22 | D:1      | Noticed a demigod
    22 | D:1      | Noticed a spriggan
    24 | D:1      | Noticed a formicid
    24 | D:1      | Noticed a troll
    26 | D:1      | Noticed an elf
    26 | D:1      | Noticed a human
   208 | D:1      | Reached skill level 4 in Staves
   210 | D:1      | Reached skill level 1 in Armour
   331 | D:1      | Reached XP level 2. HP: 23/25 MP: 1/1
   838 | D:2      | Found a sparkling altar of Nemelex Xobeh.
   938 | D:2      | Noticed Jessica
   946 | D:2      | Killed Jessica
   946 | D:2      | Reached XP level 3. HP: 22/30 MP: 2/2
  1032 | D:2      | Reached skill level 5 in Staves
  1037 | D:2      | Found a stormy altar of Qazlal.
  1045 | D:2      | Found a burning altar of Makhleb.
  1265 | D:2      | Found a bloodstained altar of Trog.
  1266 | D:2      | Reached XP level 4. HP: 37/37 MP: 3/3
  2528 | D:3      | HP: 1/37 [wyvern skeleton (8)]
  2529 | D:3      | Reached skill level 6 in Staves
  2529 | D:3      | Reached XP level 5. HP: 2/42 MP: 4/4
  2979 | D:4      | Found a staircase to the Ecumenical Temple.
  3006 | Temple   | Entered the Ecumenical Temple
  3133 | Temple   | Became a worshipper of Warmaster Okawaru
  3291 | D:4      | Noticed Blork the orc
  3381 | D:4      | Found a shimmering blue altar of Sif Muna.
  3945 | D:4      | Reached skill level 7 in Staves
  4036 | D:4      | Reached XP level 6. HP: 45/50 MP: 5/5
  4428 | D:5      | Entered Level 5 of the Dungeon
  4430 | D:5      | You fall into a shaft and drop 1 floor!
  4704 | D:5      | Reached * piety under Okawaru
  4704 | D:5      | Reached skill level 8 in Staves
  4744 | D:5      | Reached XP level 7. HP: 43/58 MP: 6/6
  4825 | D:5      | Found a snail-covered altar of Cheibriados.
  5097 | D:5      | Reached skill level 9 in Staves
  5234 | D:5      | Found a white marble altar of Elyvilon.
  5301 | D:5      | Reached ** piety under Okawaru
  5301 | D:5      | Reached skill level 5 in Fighting
  5357 | D:5      | Found a radiant altar of Vehumet.
  5576 | D:6      | Reached XP level 8. HP: 68/68 MP: 7/7
  5581 | D:6      | Noticed Grinder
  5598 | D:5      | Reached skill level 10 in Staves
  5630 | D:5      | Paralysed by Grinder for 7 turns
  5633 | D:5      | Slain by an ogre

Illustrated notes

Levels and vault maps discovered:
D:1:      kb_arrival_jail, layout_basic
D:2:      layout_basic, overflow_temple_1_default, bloody_trog,
          grunt_qazlal_clouds, lemuel_doored_altar, uniq_jessica
D:3:      layout_basic, first_ration, minmay_shallow_snake_nest
D:4:      layout_loops_cross, minmay_temple_entry_stoned_glass, tgw_sif
D:5:      layout_basic, kennysheep_slug_shrine, lemuel_crystal_altar,
          elyvilon_altar_3
D:6:      layout_layer_cave, uniq_grinder
Temple:   compressed_dpeg_triangle_lava_temple

Skill      XL: |  1  2  3  4  5  6  7  8 |
---------------+-------------------------+-----
Staves         | 4 5 6 7 8 9 10 | 10.0
Armour         | 1 2 3 4 |  4.0
Fighting       | 3 5 |  5.1
Throwing       | |  2.0
Dodging        | |  3.6

Action                   |  1- 3 |  4- 6 |  7- 9 || total
-------------------------+-------+-------+-------++-------
Melee: Quarterstaff      |    75 |   149 |    60 ||   284
       Headbutt          |    12 |    28 |    13 ||    53
Throw: Dart              |       |       |     1 ||     1
  Use: Potion            |       |     1 |       ||     1
  Eat: Chunk             |     1 |    10 |     4 ||    15
Armor: Leather armour    |    18 |     8 |       ||    26
       Ring mail         |       |     7 |       ||     7
       Scale mail        |       |     2 |    25 ||    27
Dodge: Dodged            |    50 |    71 |    34 ||   155
Block: Other             |    10 |    33 |    16 ||    59
       Reflection        |       |     5 |       ||     5
